 Dungeon Crawl Stone Soup version 0.17-a0-1485-g22cb0ee (webtiles) character file.

389 emikaela the Conjurer (level 6, -12/38 HPs)
             Began as an Octopode Wanderer on July 5, 2015.
             Was a Follower of Fedhas.
             Mangled by an ogre
             ... wielding a +0 giant spiked club
              (15 damage)
             ... on level 4 of the Dungeon.
             The game lasted 00:14:41 (3340 turns).

emikaela the Conjurer (Octopode Wanderer)           Turns: 3340, Time: 00:14:41

Health: -12/38     AC:  6    Str: 11    XL:     6   Next: 79%
Magic:  1/9        EV: 11    Int: 16    God:    Fedhas [*.....]
Gold:   156        SH:  0    Dex: 12    Spells: 4 memorised, 1 level left

rFire  . . .     SeeInvis .     l - +2 mace (protect)
rCold  . . .     Clarity  .     (no shield)
rNeg   . . .     SustAt   .     (helmet restricted)
rPois  .         Gourm    .     (no amulet)
rElec  .         Spirit   .     (no ring)
rCorr  .         Warding  .     (no ring)
rMut   .         Stasis   .     (no ring)
MR     .....                    (no ring)
Stlth  ++........               (no ring)
                                (no ring)
                                (no ring)
                                (no ring)

@: repel missiles, not resistant to hostile enchantments, unstealthy
A: almost no armour, amphibious, 8 rings, constrict 8, camouflage 1, gelatinous
body 1
a: Evolution, Renounce Religion


You were on level 4 of the Dungeon.
You worshipped Fedhas.
Fedhas was aware of your devotion.
You were very hungry.

You visited 1 branch of the dungeon, and saw 4 of its levels.

You collected 156 gold pieces.

Inventory:

Hand weapons
 f - a cursed -2 spear
 l - a +2 mace of protection (weapon)
 D - the +10 dark maul {crush}
   (You found it on level 4 of the Dungeon)

   It inflicts extra damage upon your enemies.
Missiles
 i - 69 stones (quivered)
 j - 12 arrows
 m - 8 poisoned needles
 q - 13 bolts
 x - 4 steel sling bullets
 E - 3 bolts of frost
Jewellery
 n - an uncursed ring of ice
Scrolls
 k - a scroll of remove curse {unknown}
 p - 2 scrolls of immolation {unknown}
 r - 5 scrolls of identify {unknown}
 s - a scroll of fear {unknown}
 u - 4 scrolls of recharging {unknown}
 y - a scroll of noise {unknown}
 z - a scroll of enchant weapon {unknown}
 A - a scroll of magic mapping {unknown}
 B - 2 scrolls of amnesia {unknown}
 C - a scroll of blinking {unknown}
Potions
 d - 2 potions of curing {unknown}
 g - a potion of heal wounds {unknown}
 h - 2 potions of brilliance {unknown}
 o - a potion of flight {unknown}
 v - 3 potions of lignification {unknown}
 w - a potion of agility {unknown}
 F - a potion of haste {unknown}
Books
 a - a book of Air
 b - Ujytanefo's Papyrus of Transformation

   Spells                             Type                      Level
   a - Beastly Appendage              Transmutation                1
   b - Passwall                       Transmutation/Earth          3
 c - Lehudib's Catalogue of Flying Confrontation

   Spells                             Type                      Level
   a - Shock                          Conjuration/Air              1
   b - Mephitic Cloud                 Conjuration/Poison/Air       3
Comestibles
 e - 2 bread rations
 t - 2 meat rations


   Skills:
 - Level 1.0 Fighting
 - Level 2.0 Maces & Flails
   Level 1.0 Shields
 - Level 2.0 Spellcasting
 + Level 4.7 Conjurations
 + Level 4.6 Air Magic
 - Level 2.1 Poison Magic
 + Level 1.6 Invocations
   Level 1.1 Evocations


You had one spell level left.
You knew the following spells:

 Your Spells              Type           Power        Failure   Level  Hunger
a - Shock                 Conj/Air       ###.         3%          1    #......
c - Mephitic Cloud        Conj/Pois/Air  ##......     14%         3    ###....
r - Repel Missiles        Chrm/Air       #.....       14%         2    ###....
s - Swiftness             Chrm/Air       #.......     14%         2    ###....


Dungeon Overview and Level Annotations

Branches:
Dungeon (4/15)
 Temple: D:4-7

Altars:
Fedhas
Kikubaaqudgha
The Shining One

Annotations:
D:4 Pikel


Innate Abilities, Weirdness & Mutations

You cannot wear most types of armour.
You are amphibious.
You can wear up to eight rings at the same time.
You can use your tentacles to constrict eight enemies at once.
Your skin changes colour to match your surroundings (Stealth).
Your rubbery body absorbs attacks (AC +1).


Message History

Your wandering mushroom releases spores at the slave!
The slave is engulfed in a cloud of spores!
The slave appears confused.
You barely miss the ogre.
The ogre is moderately wounded.
The ogre hits you with a giant spiked club!!
Ouch! That really hurt!
* * * LOW HITPOINT WARNING * * *
You barely miss the ogre. You squeeze the ogre, but do no damage.
The ogre is moderately wounded.
Pikel hits your wandering mushroom with a whip of flaming.
Pikel burns your wandering mushroom. The ogre completely misses you.
Pikel hits your wandering mushroom with a whip of flaming.
Pikel burns your wandering mushroom.
You sock the ogre! You squeeze the ogre.
The ogre is severely wounded.
Your wandering mushroom closely misses Pikel.
The ogre hits you with a giant spiked club!
You die...
Fedhas appreciates your contribution to the ecosystem.

### ..# #####.# #########
#### #.....# #....f..####...
#.....# #.####)P.......
#....†# #.###.........#
#.....######.#.f..........
.#..p..##...#.......≈≈≈...)
#......Kf'.@.+.f....≈≈≈≈≈...
#.......##.O.#.#<...≈≈♣≈≈...
#..#....##.f.#......≈≈≈≈≈...
#......p.....f.##♣...≈≈≈...♣
....#......p...##
♣♣.......♣♣ ....#.#+##.#+#.#
♣.....♣ .. #. #. #.# ♣...♣ .
.. ..# .. #.. #.#


You could see Pikel, an ogre, 2 slaves and 3 friendly wandering mushrooms.

Vanquished Creatures
  3 vampire bats (D:3)
  An orc priest (D:2)
  3 orc wizards
  A worker ant (D:4)
  3 adders
  2 oozes
  2 worms
  2 giant geckos
  7 orcs
  7 bats
  4 bat skeletons (D:3)
  3 bat zombies (D:3)
  8 hobgoblins
  2 quokkas
  A ball python (D:2)
  2 giant cockroaches
  4 giant newts (D:1)
  9 goblins
  3 jackals (D:3)
  7 kobolds
  9 rats
83 creatures vanquished.

Vanquished Creatures (collateral kills)
  A slave (D:4)
1 creature vanquished.

Vanquished Creatures (others)
  36 toadstools
36 creatures vanquished.

Grand Total: 120 creatures vanquished

Notes
Turn   | Place    | Note
--------------------------------------------------------------
     0 | D:1      | emikaela the Octopode Wanderer began the quest for the Orb.
     0 | D:1      | emikaela set off with: a book of Air, Ujytanefo's Papyrus of Transformation, Lehudib's Catalogue of Flying Confrontation, a +0 dagger, a bread ration
     0 | D:1      | Reached XP level 1. HP: 13/13 MP: 3/3
     0 | D:1      | Identified Ujytanefo's Papyrus of Transformation
     0 | D:1      | Identified Lehudib's Catalogue of Flying Confrontation
     2 | D:1      | Learned a level 1 spell: Shock
    52 | D:1      | Reached skill level 1 in Conjurations
   126 | D:1      | Reached XP level 2. HP: 6/18 MP: 1/5
  1476 | D:2      | Reached XP level 3. HP: 23/23 MP: 6/6
  1491 | D:2      | Found a blossoming altar of Fedhas.
  1518 | D:2      | Became a worshipper of Fedhas Madash
  1603 | D:2      | Found a glowing golden altar of the Shining One.
  1869 | D:2      | Learned a level 3 spell: Mephitic Cloud
  1872 | D:2      | Learned a level 2 spell: Repel Missiles
  2037 | D:2      | Reached skill level 1 in Poison Magic
  2037 | D:2      | Reached XP level 4. HP: 24/28 MP: 7/7
  2368 | D:3      | Acquired Fedhas's first power
  2589 | D:3      | Reached XP level 5. HP: 31/33 MP: 8/8
  2599 | D:3      | Learned a level 2 spell: Swiftness
  2617 | D:3      | Found an ancient bone altar of Kikubaaqudgha.
  2629 | D:3      | Reached skill level 4 in Conjurations
  2633 | D:3      | Reached XP level 6. HP: 33/38 MP: 9/9
  3039 | D:4      | Reached skill level 1 in Invocations
  3324 | D:4      | Noticed Pikel
  3340 | D:4      | Mangled by an ogre

Vault maps used:
D:1:      sevenhm_arrival_forest_fort_small_4, minivault_25
D:2:      tso_oasis_becter, fedhas_altar_1
D:3:      kennysheep_vampire_church
D:4:      elyvilon_altar_3, temple_statues, first_bread, uniq_pikel,
          uniq_crazy_yiuf_cottage

Action                   |  1- 3 |  4- 6 || total
-------------------------+-------+-------++-------
Melee: Dagger            |    14 |       ||    14
       Mace              |    20 |    80 ||   100
 Cast: Shock             |    23 |    43 ||    66
       Mephitic Cloud    |     1 |     2 ||     3
       Repel Missiles    |     1 |       ||     1
Invok: Evolution         |       |     3 ||     3
 Stab: Sleeping          |    11 |     5 ||    16
       Confused          |       |     1 ||     1
  Eat: Chunk             |     3 |     2 ||     5
       Pizza             |       |     2 ||     2
